Map: Acropolis EC

Players

goblin - Winner!

  • Race: Protoss Protoss
  • Spawn Location: 5:00

ShaDoWn

  • Race: Protoss Protoss
  • Spawn Location: 11:00

Event: 2019 WCS Summer

VOD

Have the link to the VOD?

Description

Time

  • Played on: July 12, 2019, 10:33 a.m.
  • Length: 7:19

All games in this series

Show
View Real Time Build Order
Export as new Build Order

goblin Protoss - Winner!

Build Orders:  

Get SALT Encoding   

  12  0:00  Probe  
  13  0:12  Probe  
  14  0:17  Pylon  
  14  0:24  Probe  
  15  0:32  Probe  
  15  0:37  Gateway  
  15  0:40  Probe  
  16  0:46  Assimilator  
  17  0:51  Probe  
  17  0:54  Assimilator  
  18  0:59  Probe  
  19  1:07  Probe  
  19  1:09  Gateway  
  19  1:17  Probe  
  20  1:24  Cybernetics Core  
  21  1:29  Probe  
  22  1:35  Pylon  
  22  1:41  Probe  
  23  1:47  Pylon  
  23  2:01  Adept  
  23  2:02  Adept, Warp Gate  
  27  2:11  Robotics Facility  
  27  2:29  Probe  
  28  2:31  Stalker x2  
  32  2:49  Shield Battery, Immortal  
  32  3:02  Pylon  
  36  3:10  Stalker  
  38  3:20  Stalker  
  38  3:21  Warp Prism  
  42  3:41  Pylon  
  42  3:52  Immortal  
  44  4:05  Sentry x2  
  47  4:28  Stalker x2  
  47  4:31  Pylon  
  51  4:33  Observer  
  52  5:00  Observer  
  52  5:06  Adept  
  52  5:07  Adept  
  56  5:20  Pylon  
  56  5:24  Gateway  
  56  5:26  Probe  
  57  5:30  Immortal  
  57  5:31  Stalker  
  63  5:38  Observer  
  63  5:47  Adept  
  65  5:51  Observer  
  65  5:58  Stalker  
  67  6:07  Nexus  
  67  6:15  Adept  
  69  6:19  Adept  
  69  6:24  Observer  
  71  6:30  Pylon  
  67  6:54  Stalker x2  
  71  7:07  Probe  
  71  7:09  Stalker  
Show
View Real Time Build Order
Export as new Build Order

ShaDoWn Protoss 

Build Orders: Oracle Opening 

Get SALT Encoding   

  12  0:00  Probe  
  13  0:12  Probe  
  14  0:17  Pylon  
  14  0:24  Probe  
  15  0:32  Probe  
  15  0:36  Gateway  
  15  0:40  Probe  
  16  0:46  Assimilator  
  17  0:51  Probe  
  17  0:54  Assimilator  
  18  0:59  Probe  
  19  1:07  Probe  
  19  1:10  Gateway  
  19  1:17  Probe  
  20  1:24  Cybernetics Core  
  21  1:29  Probe  
  22  1:37  Pylon  
  22  1:41  Probe  
  23  1:55  Probe  
  23  2:01  Stargate  
  24  2:06  Adept  
  24  2:07  Probe  
  27  2:08  Pylon  
  27  2:12  Adept  
  29  2:18  Warp Gate  
  29  2:37  Oracle  
  29  2:38  Shield Battery  
  32  2:57  Stalker  
  34  3:02  Shield Battery  
  34  3:08  Probe  
  34  3:09  Stalker  
  36  3:15  Gateway  
  36  3:25  Probe  
  35  3:36  Void Ray  
  35  3:40  Pylon  
  39  3:45  Probe  
  37  3:57  Probe  
  38  4:04  Pylon  
  38  4:07  Sentry  
  40  4:21  Shield Battery  
  40  4:22  Shield Battery  
  44  4:29  Adept x2  
  48  4:46  Shield Battery  
  48  4:48  Probe  
  48  4:51  Robotics Facility  
  45  5:07  Pylon  
  45  5:15  Probe  
  46  5:35  Sentry, Nexus  
  46  5:36  Sentry, Adept  
  52  5:44  Warp Prism  
  52  5:46  Pylon  
  52  5:59  Pylon  
  52  6:01  Probe  
  52  6:03  Pylon  
  53  6:10  Immortal  
  53  6:13  Probe  
  54  6:25  Probe  
  59  6:31  Adept x2  
  63  6:37  Probe  
  64  6:49  Probe  
  51  6:54  Sentry, Shield Battery  
  51  6:59  Probe  
  52  7:07  Probe  
Tags
 
Add a new tag
Caveats
  • Supply blocks, unpowered buildings, or Contaminate may cause inaccurate times.
  • Supply counts are checked every 10 seconds.